 Dungeon Crawl Stone Soup version 0.24-a0-271-ga0fc33f (webtiles) character file.

Game seed: 9983297960500558780

429 MisterFreud the Slasher (level 6, -7/39 HPs)
             Began as an Octopode Gladiator on Apr 23, 2019.
             Splashed by a jelly's acid (10 damage)
             ... on level 5 of the Dungeon.
             The game lasted 00:04:06 (4210 turns).

MisterFreud the Slasher (Octopode Gladiator)        Turns: 4210, Time: 00:04:08

Health: -7/39      AC: -7    Str: 14    XL:     6   Next: 98%
Magic:  6/6        EV: 15    Int: 12    God:
Gold:   117        SH:  0    Dex: 13    Spells: 5/5 levels left

rFire    . . .     SeeInvis .   a - +0 long sword
rCold    . . .     Gourm    .   (no shield)
rNeg     + . .     Faith    .   b - +0 hat
rPois    .         Spirit   .   (no amulet)
rElec    .         Reflect  .   z - ring of positive energy
rCorr    .         Harm     .   (no ring)
MR       .....                  (no ring)
Stlth    +++.......             (no ring)
HPRegen  0.13/turn              (no ring)
MPRegen  0.10/turn              (no ring)
                                (no ring)
                                (no ring)

@: corroded
A: almost no armour, stealthy swim, amphibious, 8 rings, constrict 8, camouflage
1, gelatinous body 1
a: no special abilities


You were on level 5 of the Dungeon.
You were not hungry.

You visited 1 branch of the dungeon, and saw 5 of its levels.

You collected 189 gold pieces.
You spent 72 gold pieces at shops.

Inventory:

Hand Weapons
 a - a +0 long sword (weapon)
Missiles
 c - 3 throwing nets (quivered)
 f - 160 stones
 j - 84 arrows
 o - 34 poisoned needles
 v - 44 bolts
 w - 6 tomahawks
Armour
 b - a +0 hat (worn)
Jewellery
 z - a ring of positive energy (left tentacle)
Wands
 u - a wand of disintegration (11)
 x - a wand of clouds (5)
 B - a wand of digging (7)
 D - a wand of acid (15)
Scrolls
 m - 2 scrolls of fog {unknown}
 n - a scroll of magic mapping {unknown}
 p - a scroll of immolation {unknown}
 q - 3 scrolls of enchant armour {unknown}
 r - 2 scrolls of identify
 s - a scroll of remove curse {unknown}
 t - a scroll of random uselessness {unknown}
 y - a scroll of enchant weapon {unknown}
 C - a scroll of teleportation {unknown}
Potions
 e - 3 potions of degeneration
 g - a potion of cancellation
 h - a potion of lignification
 i - 3 potions of heal wounds
 k - 3 potions of might {unknown}
 l - 4 potions of curing
 A - 2 potions of berserk rage {unknown}
Comestibles
 d - 8 rations


   Skills:
 - Level 2.0 Fighting
 - Level 6.6 Long Blades
 - Level 2.0 Throwing
 + Level 3.9 Dodging
 + Level 3.4 Stealth


You had 5 spell levels left.
You didn't know any spells.
Your spell library contained the following spells:

 Spells                   Type           Power        Failure   Level  Hunger
 Beastly Appendage        Tmut           #.....       32%         1    ##.....
 Sticks to Snakes         Tmut           #.......     45%         2    ###....
 Spider Form              Tmut/Pois      #.........   69%         3    ####...
 Ice Form                 Ice/Tmut       #.......     97%         4    #####..
 Blade Hands              Tmut           #.........   100%        5    ######.


Dungeon Overview and Level Annotations

Branches:
Dungeon (5/15)
 Temple: D:4-7

Altars:
Ru

Shops:
D:4 *


Innate Abilities, Weirdness & Mutations

You cannot wear most types of armour.
You are very stealthy in the water. (Stealth+)
You are amphibious.
You can wear up to eight rings at the same time.
You can use your tentacles to constrict eight enemies at once.
Your skin changes colour to match your surroundings (Stealth+).
Your rubbery body absorbs attacks. (AC +1, EV +1)


Message History

The jelly is lightly wounded.
The jelly hits you.
You are splashed with acid!
The jelly hits you.
You are splashed with acid!
You are too injured to fight recklessly!
You are too injured to fight recklessly!
You are too injured to fight recklessly!
You slash the jelly!
Your tentacles burn!
* * * LOW HITPOINT WARNING * * *
You squeeze the jelly.
The jelly is heavily wounded.
The jelly closely misses you.
You riposte.
You hit the jelly but do no damage.
The jelly is heavily wounded.
You hit the jelly.
Your tentacles burn!
* * * LOW HITPOINT WARNING * * *
You squeeze the jelly.
The jelly is severely wounded.
The jelly hits you.
* * * LOW HITPOINT WARNING * * *
The acid corrodes you!
You are splashed with acid!
You die...

#... #.......# #...
#.......###+# ###+
#............ #...
#............# #...
#............# +...
#............# #...
#...$J.......# #...
#....@.......#....#...
#............#....#...
#............#....#...
+............#...##..#
#............#...##..#
########)....#........
#.....#........
#.....'........
#.....#........


You could see a jelly.

Vanquished Creatures
  Menkaure (D:4)
  A centaur (D:5)
  A hound (D:4)
  3 worker ants
  3 adders
  4 gnolls
  A worm (D:3)
  2 dart slugs
  4 leopard geckos
  An orc (D:3)
  A ball python (D:4)
  6 bats
  2 giant cockroaches
  4 goblins
  12 hobgoblins
  4 jackals
  2 frilled lizards
  2 kobolds (D:1)
  5 rats
59 creatures vanquished.

Notes
Turn   | Place    | Note
-------+----------+-------------------------------------------
     0 | D:1      | MisterFreud the Octopode Gladiator began the quest for the
                  | Orb.
     0 | D:1      | Reached XP level 1. HP: 14/14 MP: 1/1
   191 | D:1      | Reached XP level 2. HP: 18/19 MP: 2/2
   524 | D:1      | Reached skill level 4 in Long Blades
   544 | D:1      | Reached XP level 3. HP: 20/24 MP: 3/3
  1093 | D:2      | HP: 1/24 [gnoll/+0 flail (11)]
  1094 | D:2      | Reached XP level 4. HP: 2/29 MP: 4/4
  1396 | D:2      | Reached skill level 5 in Long Blades
  1890 | D:2      | Found a faded altar of an unknown god.
  1926 | D:2      | Found a sacrificial altar of Ru.
  2268 | D:3      | Reached XP level 5. HP: 34/34 MP: 5/5
  2754 | D:4      | Noticed Menkaure
  2760 | D:4      | Killed Menkaure
  2760 | D:4      | Reached skill level 6 in Long Blades
  2760 | D:4      | Reached XP level 6. HP: 16/39 MP: 6/6
  3058 | D:4      | Reached skill level 1 in Stealth
  3278 | D:4      | Found Wuel's Assorted Antiques.
  3283 | D:4      | Bought a runed copper wand for 72 gold pieces
  3846 | D:5      | Entered Level 5 of the Dungeon
  4210 | D:5      | Splashed by a jelly's acid

Levels and vault maps discovered:
D:1:      dpeg_arrival_tiny_a, layout_loops_corners, minmay_distorted
D:2:      layout_loops_cross, chequers_ecumenical_altar_simple,
          nicolae_ru_the_path_less_chosen
D:3:      layout_loops_corners
D:4:      layout_basic, serial_shops, shop, first_ration, minmay_curled_crystal,
          minivault_23, uniq_menkaure
D:5:      layout_gridville, minivault_1, kennysheep_boxes

Skill      XL: |  1  2  3  4  5  6 |
---------------+-------------------+-----
Long Blades    | 4 5 6 |  6.6
Stealth        | 3 |  3.4
Fighting       | |  2.0
Throwing       | |  2.0
Dodging        | |  3.9

Action                   |  1- 3 |  4- 6 || total
-------------------------+-------+-------++-------
Melee: Long sword        |    57 |    55 ||   112
       Constrict         |    18 |    18 ||    36
       Tentacles         |    14 |    25 ||    39
  Use: Scroll            |       |     5 ||     5
 Stab: Sleeping          |     5 |     9 ||    14
  Eat: Chunk             |     1 |     9 ||    10
Armor: Skin              |     1 |     2 ||     3
Dodge: Dodged            |    26 |    43 ||    69
       Rpst.: Long sword |     6 |    16 ||    22

Table legend:
 A = Non-vault XP
 B = Vault XP
 C = Vault XP percentage of total XP
 D = Non-vault monster count
 E = Vault monster count
 F = Vault count percentage of total count
                 A         B        C        D         E       F
            +---------+---------+-------+---------+---------+-------
      Total |     436 |     177 |  28.9 |      55 |       4 |   6.8
            +---------+---------+-------+---------+---------+-------
        D:1 |      35 |       5 |  12.5 |      19 |       3 |  13.6
        D:2 |      76 |       0 |   0.0 |      13 |       0 |   0.0
        D:3 |      52 |       0 |   0.0 |      12 |       0 |   0.0
        D:4 |     125 |     172 |  57.9 |       7 |       1 |  12.5
        D:5 |     148 |       0 |   0.0 |       4 |       0 |   0.0
            +---------+---------+-------+---------+---------+-------
